[Event "Early-Titled-Tuesday-Blitz-March-12-2024"]
[Site "Chess.com"]
[Date "2024.03.12"]
[Round "3"]
[White "Winner_7777"]
[Black "Roosters19"]
[Result "1-0"]
[WhiteElo "2563"]
[BlackElo "2295"]
[TimeControl "180+1"]
[EndTime "8:28:02 PDT"]
[Termination "Winner_7777 won by resignation"]

1. d4 Nf6 2. c4 c5 3. d5 b5 4. cxb5 a6 5. e3 g6 6. Nc3 Bg7 7. Nf3 O-O 8. a4 e6 9. e4 axb5 10. Bxb5 Ba6 11. Be3 Qa5 12. O-O Rc8 13. e5 Ng4 14.
dxe6 dxe6 15. Qd6 Qc7 16. Ne4 Nxe5 17. Nxe5 Bxe5 18. Qxc7 Rxc7 19. Nxc5 Bxb2 20. Rad1 Bf6 21. Nxa6 Nxa6 22. Rd6 Nb4 23. Bb6 Rb7 24. Bc5 Be7 25. Bxb4 Bxd6 26. Bxd6 Rb6 27. Bc5 Rbb8 28. g3 f6 29. Rd1 Rd8 30. Rxd8+ Rxd8 31. Bb6 Rd1+ 32. Kg2 Ra1 33. a5 Kf7 34. a6 Rb1 35. a7 Rxb5 36. a8=Q 1-0

[Event "Early-Titled-Tuesday-Blitz-March-12-2024"]
[Site "Chess.com"]
[Date "2024.03.12"]
[Round "3"]
[White "remyrushbrooke"]
[Black "Statham_01"]
[Result "0-1"]
[WhiteElo "2262"]
[BlackElo "2585"]
[TimeControl "180+1"]
[EndTime "8:28:03 PDT"]
[Termination "Statham_01 won by resignation"]

1. Nf3 Nc6 2. g3 e5 3. e4 Bc5 4. Bg2 d6 5. c3 Nf6 6. d4 exd4 7. cxd4 Bb4+ 8. Bd2 Nxe4 9. Bxb4 Nxb4 10. Qa4+ Nc6 11.
d5 Nc5 12. Qb5 a6 13. Qe2+ Ne7 14. Nc3 O-O 15. O-O Bf5 16. Rfe1 Ng6 17. Nd4 Bd7 18. a4 Qf6 19. Qd2 a5 20. Ncb5 Bxb5 21. Nxb5 Nb3 22. Qc2 Nxa1 23. Rxa1 Rac8 24. Rc1 Ne5 25. Qd2 c6 26.
Na7 Ra8 27. dxc6 Rxa7 28. c7 Rc8 29. Rc3 b6 30. Bh3 Rcxc7 31. Qe3 Rxc3 32. Qxb6 Rc1+ 33. Bf1 Rac7 34. Qxa5 g6 35. Qd2 Nf3+ 36. Kg2 Nxd2 0-1

[Event "Early-Titled-Tuesday-Blitz-March-12-2024"]
[Site "Chess.com"]
[Date "2024.03.12"]
[Round "3"]
[White "Hovik_Hayrapetyan"]
[Black "Firouzja2003"]
[Result "0-1"]
[WhiteElo "2843"]
[BlackElo "3143"]
[TimeControl "180+1"]
[EndTime "8:28:05 PDT"]
[Termination "Firouzja2003 won by resignation"]

1. d4 Nf6 2. c4 e6 3. Nc3 Bb4 4. Nf3 O-O 5. Bg5 h6 6. Bh4 c5 7. Rc1 cxd4 8. Nxd4 d5 9. cxd5 g5 10. Bg3 Qxd5 11. e3 Qxa2 12. Bd3 Qxb2 13. O-O Bxc3 14. Rc2 Qb4 15. Nb5 e5 16. Rxc3 Nc6 17. f4 gxf4 18.
Be1 Qe7 19. exf4 Nd5 20. Rf3 exf4 21. Bc2 Nxc3 22. Bxc3 Bf5 23. Bxf5 Qc5+ 24. Nd4 Rad8 25. Rxf4 Qxc3 26. Qg4+ Kh8 27. Qh4 Qe3+ 28. Kf1 Rd6 29. Be6 Rxe6 30. Nxe6 Qxe6 31. Rf6 Qe5 32. Rxh6+ Kg8 33.
Rh5 Qa1+ 34. Kf2 Qd4+ 35. Qxd4 Nxd4 0-1

[Event "Early-Titled-Tuesday-Blitz-March-12-2024"]
[Site "Chess.com"]
[Date "2024.03.12"]
[Round "3"]
[White "KSho99"]
[Black "imdvb6307"]
[Result "0-1"]
[WhiteElo "2137"]
[BlackElo "2498"]
[TimeControl "180+1"]
[EndTime "8:28:07 PDT"]
[Termination "imdvb6307 won on time"]

1. Nf3 d5 2. g3 c6 3. Bg2 Bg4 4. O-O Nd7 5. d3 e5 6. c4 dxc4 7. dxc4 Ngf6 8. Nc3 Qc7 9. Qc2 Be7 10. Rd1 O-O 11.
b3 a5 12. Bb2 Nc5 13. Rd2 Rad8 14. Rad1 Rxd2 15. Rxd2 Nfd7 16. Qd1 Rd8 17. h3 Bh5 18. Nh4 Bxh4 19. gxh4 Bg6 20. Bf3 Ne6 21. Ne4 Bxe4 22. Bxe4 f6 23. e3 Ndc5 24. Bf5 Rxd2 25. Qxd2 Qd8 26. Qxd8+ Nxd8 27. Ba3 Nde6 28. h5 h6 29. Kf1 Kf7 30. Ke2 Na6 31. Bd6 Nb4 32. a3 Na6 33. h4 Nac5 34. Bc2 e4 35. f3 exf3+ 36. Kxf3 Nd7 37.
Bg6+ Kg8 38. Bf5 Kf7 39. Bg6+ Kg8 40. Bf5 Nef8 41. e4 Kf7 0-1

[Event "Early-Titled-Tuesday-Blitz-March-12-2024"]
[Site "Chess.com"]
[Date "2024.03.12"]
[Round "3"]
[White "karinachess1"]
[Black "Witty_Alien"]
[Result "1-0"]
[WhiteElo "2607"]
[BlackElo "2326"]
[TimeControl "180+1"]
[EndTime "8:28:09 PDT"]
[Termination "karinachess1 won by checkmate"]

1. d4 e5 2. dxe5 d6 3. Nf3 Nc6 4. Bf4 Bg4 5. exd6 Qf6 6. Qc1 Bxd6 7. Bxd6 Qxd6 8. Nbd2 O-O-O 9. e3 Nf6 10. Bc4 Ne5 11. Nxe5 Qxe5 12. O-O h5 13. Bd3 h4 14. h3 Be6 15.
Nf3 Qh5 16. Be2 Bd5 17. c4 Bc6 18. Nd4 Qc5 19. b4 Qxb4 20. Nxc6 bxc6 21. c5 Qa5 22. Qc4 Rd2 23. Rab1 Rhd8 24. Bf3 Nd5 25. Bg4+ Rd7 26. Bxd7+ Kxd7 27. Qg4+ Ke7 28. Qxh4+ f6 29. Qe4+ Kf7 30.
Rb8 Ne7 31. Qc4+ Kg6 32. Re8 Nd5 33. Qg4+ Kf7 34. Qh5+ g6 35. Qh8 f5 36. Qg8+ Kf6 37.
Re6+ Kg5 38. Qxg6+ Kh4 39. g3+ Kxh3 40. Qh5# 1-0

[Event "Early-Titled-Tuesday-Blitz-March-12-2024"]
[Site "Chess.com"]
[Date "2024.03.12"]
[Round "3"]
[White "MarcoRiehle"]
[Black "Javylavilla"]
[Result "0-1"]
[WhiteElo "2805"]
[BlackElo "2372"]
[TimeControl "180+1"]
[EndTime "8:28:09 PDT"]
[Termination "Javylavilla won by checkmate"]

1. e4 c5 2. a3 d6 3. b4 cxb4 4. axb4 Nf6 5. Nc3 Nc6 6. b5 Ne5 7. f4 Ned7 8. Nf3 e6 9. d4 Be7 10. e5 Nd5 11. Nxd5 exd5 12. Bd3 O-O 13. h4 h6 14. Be3 Nb6 15. f5 Nc4 16. Bxc4 dxc4 17. g4 dxe5 18. Nxe5 Bb4+ 19. Kf2 Qd5 20. Qf3 Qxb5 21. g5 f6 22. gxh6 fxe5 23. Qg2 Rxf5+ 24. Kg1 Rf7 25. Rf1 Rxf1+ 26. Kxf1 Qd7 27. Rg1 Qf5+ 28.
Bf2 g6 29. Qxg6+ Qxg6 30. Rxg6+ Kh7 31. h5 Bf5 32. Rf6 Bxc2 33. dxe5 Rf8 34. Re6 Bc5 35.
Kg2 Rxf2+ 36. Kg3 Be4 37. Re8 Be3 38. e6 Rf3+ 39. Kg4 Rf4+ 40. Kg3 Rf6 41. e7 Re6 42. Rc8 Rxe7 43. Rxc4 Kxh6 44. Kg4 b5 45. Rb4 Bc6 46.
Rb2 a5 47. Rc2 Bd5 48. Kh4 a4 49. Rc3 Bf2+ 50. Kg4 Re4+ 51. Kf5 Kxh5 52. Rd3 Rd4 53. Rh3+ Rh4 54. Rc3 Bd4 55. Rc8 Rh1 56. Kf4 Rf1+ 57. Kg3 a3 58. Rd8 Rf5 59. Rd7 a2 60. Rh7+ Kg6 61. Rh2 a1=Q 62. Kh3 Qf1+ 63. Kh4 Rh5+ 64. Kg3 Be5+ 65. Kg4 Qf3# 0-1

[Event "Early-Titled-Tuesday-Blitz-March-12-2024"]
[Site "Chess.com"]
[Date "2024.03.12"]
[Round "3"]
[White "MightyMike_009"]
[Black "volodja49"]
[Result "1-0"]
[WhiteElo "2868"]
[BlackElo "2605"]
[TimeControl "180+1"]
[EndTime "8:28:10 PDT"]
[Termination "MightyMike_009 won on time"]

1. d4 d5 2. c4 e6 3. Nc3 Nf6 4. cxd5 Nxd5 5. e4 Nxc3 6. bxc3 c5 7. Nf3 cxd4 8. cxd4 Bb4+ 9. Bd2 Bxd2+ 10. Qxd2 O-O 11.
Be2 b6 12. O-O Bb7 13. Qe3 Nc6 14. Rfd1 Re8 15. Bb5 a6 16. Bxc6 Bxc6 17. Ne5 Rc8 18. Qf3 Qe7 19. d5 exd5 20. exd5 Qxe5 21. dxc6 g6 22. h3 Qe4 23. Qxe4 Rxe4 24. Rac1 Kf8 25. Rd7 Re6 26. c7 Re7 27. Rd8+ Re8 28. Rd6 Re7 29.
Rxb6 Rexc7 30. Rxc7 Rxc7 31. Rxa6 Rc1+ 32. Kh2 Rc2 33. Kg3 Kg7 34. a4 h5 35. h4 Ra2 36. f3 Kh6 37. Kh3 Ra1 38. g4 Ra3 39. g5+ Kg7 40. Kg3 Rxa4 41. Rxa4 1-0

[Event "Early-Titled-Tuesday-Blitz-March-12-2024"]
[Site "Chess.com"]
[Date "2024.03.12"]
[Round "3"]
[White "GMSrinath"]
[Black "VD_coach"]
[Result "1-0"]
[WhiteElo "2791"]
[BlackElo "2513"]
[TimeControl "180+1"]
[EndTime "8:28:10 PDT"]
[Termination "GMSrinath won by resignation"]

1. e4 Nf6 2. e5 Nd5 3. d4 d6 4. Nf3 Bg4 5. Be2 e6 6. exd6 cxd6 7. O-O Be7 8. Nbd2 O-O 9. Ne4 Nf6 10. Ng3 Nc6 11. h3 Bxf3 12. Bxf3 d5 13. c3 b5 14.
Re1 Rc8 15. a3 a5 16. b4 a4 17. Ne2 Nb8 18. Qd3 Rc4 19. Bg5 Nbd7 20. Nf4 Nb6 21. Ne2 Ne8 22. Bd2 Nd6 23. Ng3 Rc8 24. Ne2 Nbc4 25.
Bf4 Re8 26. Bh2 Nb2 27. Qd2 Nbc4 28. Qf4 Nf5 29. Bg4 Bd6 30. Qf3 Bxh2+ 31. Kxh2 Nfd6 32. Ng3 Qf6 33. Qe2 g6 34. Kg1 h5 35. Bf3 Kh7 36. Qd3 Nf5 37. Nf1 Nb2 38. Qxb5 Nc4 39. Qxa4 Nh4 40. Be2 Qg5 41. g3 Nd2 42. Nxd2 Qxd2 43.
gxh4 e5 44. Bf1 Re6 45. dxe5 Rxc3 46. Bg2 Qf4 47. Qd1 Rec6 48. Qxd5 Rc2 49. Rf1 R6c3 50. Qe4 Qd2 51. Rad1 1-0

[Event "Early-Titled-Tuesday-Blitz-March-12-2024"]
[Site "Chess.com"]
[Date "2024.03.12"]
[Round "3"]
[White "HansOnTwitch"]
[Black "AlmasRakhmatullaev"]
[Result "1-0"]
[WhiteElo "3105"]
[BlackElo "2812"]
[TimeControl "180+1"]
[EndTime "8:28:11 PDT"]
[Termination "HansOnTwitch won on time"]

1. e4 e5 2. Nf3 Nc6 3. Bb5 Nge7 4. Nc3 a6 5. Be2 d5 6. d4 dxe4 7. Nxe5 Nxe5 8. dxe5 Qxd1+ 9. Bxd1 Bf5 10. h3 h5 11. O-O O-O-O 12. Bg5 Re8 13. f3 exf3 14. Bxf3 Be6 15. Rfe1 Nf5 16. Rad1 Bc5+ 17. Kh2 h4 18. Re4 Bf2 19. Ne2 Ng3 20. Nxg3 hxg3+ 21. Kh1 Bf5 22. Re2 Rh7 23. Be3 Bxe3 24. Rxe3 Bxc2 25. Bg4+ Kb8 26. Rde1 Rh6 27. Rxg3 Rb6 28. b3 Bg6 29. Bd7 Re7 30. e6 c5 31. Rc1 Rd6 32. Rxc5 Be4 33. Rxg7 Rd2 34. exf7 1-0

[Event "Early-Titled-Tuesday-Blitz-March-12-2024"]
[Site "Chess.com"]
[Date "2024.03.12"]
[Round "3"]
[White "effefe"]
[Black "jk13"]
[Result "0-1"]
[WhiteElo "2406"]
[BlackElo "2663"]
[TimeControl "180+1"]
[EndTime "8:28:11 PDT"]
[Termination "jk13 won by resignation"]

1. d4 Nf6 2. c4 e6 3. Nc3 Bb4 4. a3 Bxc3+ 5. bxc3 O-O 6. f3 Nh5 7. Nh3 f5 8. e3 d6 9. Bd3 e5 10. O-O Nc6 11. Nf2 Qe8 12. Bb2 Na5 13. e4 f4 14.
c5 dxc5 15. d5 c4 16. Bc2 Bd7 17. a4 b6 18. Ba3 Rf6 19. Bb4 Nb7 20. a5 Rh6 21.
Qe2 b5 22. a6 Nd6 23. Bc5 Qg6 24. Nh1 Qg5 25. Qf2 Nc8 26. Bd1 Rg6 27. Ra2 Nb6 28.
d6 Qd8 29. dxc7 Qxc7 30. Re1 Bh3 31. g3 Rd8 32. Be2 fxg3 33. hxg3 Nf4 34. Kh2 Nxe2 35.
Raxe2 Rh6 36. Kg1 Rd3 37. Rd2 Rxd2 38. Bxb6 Qxb6 39. Qxb6 Rxb6 40. Ra1 Rg2+ 41. Kf1 Ra2+ 0-1

[Event "Early-Titled-Tuesday-Blitz-March-12-2024"]
[Site "Chess.com"]
[Date "2024.03.12"]
[Round "3"]
[White "amelia91"]
[Black "RamonManon0g"]
[Result "1-0"]
[WhiteElo "2071"]
[BlackElo "2402"]
[TimeControl "180+1"]
[EndTime "8:28:12 PDT"]
[Termination "amelia91 won by checkmate"]

1. d4 Nf6 2. Bf4 g6 3. Nc3 d5 4. e3 Bg7 5. Nf3 O-O 6. Nb5 Na6 7. c4 c5 8. Be2 cxd4 9. Nbxd4 dxc4 10. O-O Nd5 11. Bg3 c3 12. bxc3 Nxc3 13. Qd2 Nxe2+ 14. Qxe2 Bg4 15. Rad1 Qa5 16. h3 Bf5 17. e4 Bd7 18. Rfe1 Ba4 19. Rc1 Rac8 20. e5 e6 21. Bh4 Nb4 22. Qd2 b6 23. Be7 Nd5 24. Qxa5 bxa5 25. Bxf8 Rxf8 26. Rc5 Bh6 27. Rxa5 Bd7 28. Rxa7 Bc8 29. Rb1 f6 30. exf6 Nxf6 31. Rb8 Ne4 32. Raa8 Bd7 33. Rxf8+ Bxf8 34. Ne5 Nf6 35. Nxd7 Nxd7 36.
Nxe6 Kf7 37. Nxf8 Nxf8 38. a4 Nd7 39. Ra7 Ke6 40. Kf1 Nb6 41. a5 Nd5 42. a6 Kd6 43. Rxh7 Kc6 44. a7 Nb6 45. Rh8 Kb7 46. Rg8 Kxa7 47.
Rxg6 Nd5 48. h4 Nf4 49. Rg7+ Kb6 50. g3 Ne6 51. Rg6 Kc5 52. Rxe6 Kd5 53. Re8 Kd6 54. h5 Kd7 55. Re2 Kd6 56. h6 Kd5 57. h7 Kd4 58. h8=Q+ Kd3 59. Qe5 Kc4 60. Qe4+ Kc3 61. Rc2+ Kb3 62.
Qc4+ Ka3 63. Ra2# 1-0

[Event "Early-Titled-Tuesday-Blitz-March-12-2024"]
[Site "Chess.com"]
[Date "2024.03.12"]
[Round "3"]
[White "Taran2004"]
[Black "jraosam"]
[Result "1-0"]
[WhiteElo "2406"]
[BlackElo "1976"]
[TimeControl "180+1"]
[EndTime "8:28:13 PDT"]
[Termination "Taran2004 won on time"]

1. e4 c6 2. d4 d5 3. e5 Bf5 4. Nf3 e6 5. Be2 c5 6. Be3 Qb6 7. Nc3 Nc6 8. O-O c4 9. b3 Qa5 10. Nb1 cxb3 11. cxb3 Bb4 12. a3 Nge7 13. Nh4 O-O 14. Nd2 Bc3 15. b4 Qb6 16. Ra2 Bxd4 17.
Nxf5 Nxf5 18. Bxd4 Qxd4 19. Nf3 Qxd1 20. Rxd1 Rac8 21. Bd3 Nfe7 22. Rc2 Nb8 23. Rdc1 Rxc2 24. Rxc2 Rc8 25. Nd4 Rxc2 26. Bxc2 Nbc6 27. Nb5 Kf8 28. f4 Nc8 29. Kf2 h6 30. Ke3 Ke7 31. Ba4 a6 32. Nc7 Nb6 33. Bxc6 bxc6 34. Nxa6 Nc4+ 35.
Kd4 Nxa3 36. Nb8 Nb5+ 37. Kc5 Na7 38. Kb6 Nc8+ 39. Kc5 Na7 40. Nxc6+ Nxc6 41. Kxc6 d4 42. b5 d3 43. b6 d2 44. b7 d1=Q 45. b8=Q Qd5+ 46. Kb6 Qb3+ 47. Kc7 Qc4+ 48. Kb7 Qb3+ 49. Kc8 Qxb8+ 50. Kxb8 Kd7 51. Kb7 f6 52. Kb6 f5 53. h3 g5 54. g3 gxf4 55. gxf4 h5 56. h4 Kd8 57. Kc6 Ke8 58. Kd6 1-0

[Event "Early-Titled-Tuesday-Blitz-March-12-2024"]
[Site "Chess.com"]
[Date "2024.03.12"]
[Round "3"]
[White "AlessiaSanteramo"]
[Black "becemix"]
[Result "1-0"]
[WhiteElo "2258"]
[BlackElo "2452"]
[TimeControl "180+1"]
[EndTime "8:28:14 PDT"]
[Termination "AlessiaSanteramo won on time"]

1. e4 c5 2. Nf3 d6 3. Bb5+ Nd7 4. d4 cxd4 5. Qxd4 a6 6. Bxd7+ Bxd7 7. c4 Bc6 8. Nc3 e6 9. O-O Ne7 10. Rd1 Ng6 11. Be3 h6 12. b4 Be7 13. c5 Bf6 14.
Qc4 d5 15. Qb3 O-O 16. Rac1 Qe8 17. exd5 exd5 18. Nxd5 Bd8 19. Re1 Qe6 20. Rcd1 Qg4 21. h3 Qh5 22. Kh2 Nh4 23. Nxh4 Qxh4 24. Rd4 Qh5 25. Red1 Bg5 26. Nf4 Bxf4+ 27. Rxf4 Rad8 28. Rxd8 Rxd8 29. Qc3 Qd5 30. Rg4 g6 31. Bxh6 f6 32. Qxf6 Qf7 33. Rxg6+ 1-0

[Event "Early-Titled-Tuesday-Blitz-March-12-2024"]
[Site "Chess.com"]
[Date "2024.03.12"]
[Round "3"]
[White "Resignify"]
[Black "crazy_m_attack"]
[Result "0-1"]
[WhiteElo "2256"]
[BlackElo "2477"]
[TimeControl "180+1"]
[EndTime "8:28:16 PDT"]
[Termination "crazy_m_attack won by checkmate"]

1. e4 e5 2. Nf3 Nc6 3. Bb5 a6 4.
Ba4 Nf6 5. O-O Be7 6. Re1 b5 7. Bb3 O-O 8. c3 d5 9. d3 Bg4 10. Nbd2 dxe4 11. dxe4 Qd6 12. h3 Be6 13. Bc2 Rad8 14.
Qe2 b4 15. Ng5 bxc3 16. bxc3 Bc8 17. a4 h6 18. Ngf3 Qc5 19. Bb2 Be6 20. Qxa6 Nb4 21. cxb4 Qxc2 22. Bxe5 Rxd2 23. Rec1 Qd3 24. b5 Rc2 25.
Bxc7 Nxe4 26. Bg3 Bc5 27. Rxc2 Qxc2 28. Kh2 Nxf2 29. b6 Ne4 30. b7 Nxg3 31. Kxg3 Bc4 32. Qc6 Be6 33. Kf4 Qc4+ 34. Ke5 f6# 0-1

[Event "Early-Titled-Tuesday-Blitz-March-12-2024"]
[Site "Chess.com"]
[Date "2024.03.12"]
[Round "3"]
[White "Felix-Rose"]
[Black "AttilaTurzo"]
[Result "0-1"]
[WhiteElo "2234"]
[BlackElo "2468"]
[TimeControl "180+1"]
[EndTime "8:28:17 PDT"]
[Termination "AttilaTurzo won by resignation"]

1. d4 Nf6 2. Nc3 d5 3. Bf4 a6 4. Qd3 Bg4 5. O-O-O Bh5 6. f3 Bg6 7. e4 e6 8. Nge2 Nc6 9. Qe3 Be7 10. h4 h5 11. e5 Nd7 12. Bg5 Nb6 13. Bxe7 Qxe7 14. Nf4 Bf5 15. Be2 Nb4 16. Rd2 O-O-O 17. g4 hxg4 18. fxg4 Bh7 19. h5 Kb8 20. a3 Nc6 21.
Qg3 Na5 22. g5 Nac4 23. Bxc4 Nxc4 24. Rg2 Bf5 25. g6 f6 26. Qf2 fxe5 27. Nfxd5 exd5 28.
Qxf5 Ne3 29. Qf3 Nxg2 30. Qxg2 exd4 31. Nxd5 Qe5 32. Nb4 Rxh5 33. Nd3 Qg5+ 34. Qxg5 Rxg5 35. Nf4 Re8 36. Rh7 Rg4 37. Nh5 Rxg6 38. Nxg7 Re7 39.
Rh8+ Ka7 40. Nf5 Rd7 41. Rh3 c5 42. b3 Rg5 43. Ng3 Re7 44. Kd2 Re3 45. Ne4 Rxe4 46. a4 0-1

[Event "Early-Titled-Tuesday-Blitz-March-12-2024"]
[Site "Chess.com"]
[Date "2024.03.12"]
[Round "3"]
[White "vaniavindy"]
[Black "AccioChess"]
[Result "0-1"]
[WhiteElo "2122"]
[BlackElo "2425"]
[TimeControl "180+1"]
[EndTime "8:28:17 PDT"]
[Termination "AccioChess won on time"]

1. d4 Nf6 2. c4 g6 3. Nc3 d5 4.
cxd5 Nxd5 5. e4 Nxc3 6. bxc3 Bg7 7. Be3 O-O 8. Qd2 c5 9. Rd1 cxd4 10. cxd4 e6 11. Bc4 b6 12. Ne2 Ba6 13. Bxa6 Nxa6 14. O-O Rc8 15. Nc3 Qd7 16. a4 Rc4 17. e5 Nc7 18. Ne4 Nd5 19. Bh6 Rxa4 20. Nf6+ Nxf6 21. exf6 Bxf6 22. Bxf8 Kxf8 23. Qf4 Bxd4 24. Qb8+ Kg7 25. h3 Qb5 26. Qc7 Qf5 27. Qd7 Qf4 28. Kh1 Bc5 29. Rd2 a5 30. Rd3 Ra3 31. Rxa3 Bxa3 32. Qb5 Bc5 33.
Qe2 a4 34. Qb2+ Qf6 35. Qb5 a3 36. Qb3 Qd4 37. f4 h5 38. f5 exf5 39. Rd1 Qb4 40. Qd5 Qb2 41. Qc4 a2 0-1

[Event "Early-Titled-Tuesday-Blitz-March-12-2024"]
[Site "Chess.com"]
[Date "2024.03.12"]
[Round "3"]
[White "Hikaru"]
[Black "Vladimir_Zakhartsov"]
[Result "1-0"]
[WhiteElo "3218"]
[BlackElo "2855"]
[TimeControl "180+1"]
[EndTime "8:28:21 PDT"]
[Termination "Hikaru won by resignation"]

1. Nf3 c5 2. b3 d5 3. e3 a6 4. Bb2 Nc6 5. d4 Bg4 6. Nbd2 cxd4 7. exd4 e6 8. Bd3 Rc8 9. a3 Nf6 10. O-O Bd6 11. c4 O-O 12. h3 Bh5 13. Re1 Bf4 14.
Nf1 Re8 15. Be2 Ne4 16. c5 a5 17. N3d2 Bg6 18. Nxe4 dxe4 19. Bc4 Ne7 20. Nd2 Bxd2 21. Qxd2 Rxc5 22. d5 Nf5 23. Rxe4 b5 24. Bf1 Rxd5 25. Qc3 e5 26. Rae1 Nd4 27. Rg4 f6 28. a4 Qc8 29.
axb5 Qxc3 30. Bxc3 Nxb5 31. Bxa5 Nd6 32. b4 Bf5 33.
Rg3 Kf7 34. Rc3 Re7 35. Bb6 Rb7 36. Ba5 Be6 37. Rc6 Rd4 38. Ba6 Rd7 39. Rec1 Ne4 40. Rc7 Rxc7 41. Rxc7+ Kg6 42. Rc1 Nd6 43. Be2 Bc4 44. Bd1 Nb5 45. Bb6 Re4 46. Bc2 Bd5 47.
f3 Nc3 48. Bxe4+ Bxe4 49. Rxc3 1-0

[Event "Early-Titled-Tuesday-Blitz-March-12-2024"]
[Site "Chess.com"]
[Date "2024.03.12"]
[Round "3"]
[White "Egor_Koshulyan"]
[Black "ChessLover0108"]
[Result "0-1"]
[WhiteElo "2770"]
[BlackElo "2952"]
[TimeControl "180+1"]
[EndTime "8:28:21 PDT"]
[Termination "ChessLover0108 won by checkmate"]

1. f4 c5 2. Nf3 b6 3. g3 Bb7 4. Bg2 g6 5. O-O Bg7 6. d3 d5 7. e4 dxe4 8. Ng5 Nc6 9. dxe4 Qxd1 10. Rxd1 Nd4 11. Na3 h6 12. Nh3 Ne2+ 13. Kf2 Nxc1 14. Nb5 Bxb2 15. Rb1 Bd4+ 16. Nxd4 cxd4 17. Rbxc1 Nf6 18.
Rxd4 e5 19. fxe5 Ng4+ 20. Kg1 Nxe5 21. Nf4 Ke7 22. a4 Rhd8 23. c3 Rdc8 24. a5 b5 25.
Nd5+ Kf8 26. Rb1 a6 27. Nb6 Ke7 28. Nxa8 Bxa8 29. Rc1 Rc5 30. h3 Rc7 31. Kf1 Nc6 32. Rd2 Nxa5 33. Ra2 Nb3 34. Rcc2 Bb7 35. Ke2 a5 36. Ke3 a4 37. Bf1 Bc6 38. Rcb2 Bd7 39. Ra3 Rxc3+ 40. Kf4 g5+ 41. Ke5 f6+ 42. Kd5 Be6# 0-1

[Event "Early-Titled-Tuesday-Blitz-March-12-2024"]
[Site "Chess.com"]
[Date "2024.03.12"]
[Round "3"]
[White "xiaopang123"]
[Black "KetiTsatsalashvili"]
[Result "0-1"]
[WhiteElo "2139"]
[BlackElo "2434"]
[TimeControl "180+1"]
[EndTime "8:28:21 PDT"]
[Termination "KetiTsatsalashvili won by resignation"]

1. d4 Nf6 2. c4 e6 3. g3 d5 4. Bg2 Bb4+ 5. Bd2 Bxd2+ 6. Nxd2 O-O 7. Ngf3 Ne4 8. Qc2 f5 9. O-O c6 10. Ne5 Nd7 11. Nxd7 Bxd7 12. f3 Nxd2 13. Qxd2 dxc4 14. Qb4 b5 15. Qd6 Rf7 16. e4 Qe7 17. Qe5 Rd8 18. Rad1 Be8 19. Rfe1 Qd6 20. Qxd6 Rxd6 21. d5 Rfd7 22.
exf5 Rxd5 23. Rxd5 cxd5 24. fxe6 Rd6 25. f4 d4 26. f5 d3 27. g4 Kf8 28. Kf2 Ke7 29.
Ke3 b4 30. Kd2 Kf6 31. h4 h6 32. Be4 Bb5 33. Rg1 Ke5 34. Bb7 Kd4 35. Rc1 Rd8 36. a3 a5 37. axb4 axb4 38. g5 hxg5 39.
hxg5 Rh8 40. Rg1 c3+ 41. bxc3+ bxc3+ 42. Kc1 d2+ 43. Kb1 Bd3+ 44. Ka2 c2 0-1

[Event "Early-Titled-Tuesday-Blitz-March-12-2024"]
[Site "Chess.com"]
[Date "2024.03.12"]
[Round "3"]
[White "UnTucopalaTimba"]
[Black "PIwan"]
[Result "0-1"]
[WhiteElo "1984"]
[BlackElo "2412"]
[TimeControl "180+1"]
[EndTime "8:28:22 PDT"]
[Termination "PIwan won by resignation"]

1. e4 e6 2. d4 d5 3. exd5 exd5 4. Bd3 Nf6 5. Ne2 Be7 6. O-O O-O 7. Bf4 c5 8. c3 Nc6 9. dxc5 Bxc5 10. Nd2 Bg4 11.
Nb3 Bb6 12. Qd2 Re8 13. Ned4 Ne5 14. Bc2 Nc4 15. Qc1 Qd7 16. Bd3 Rac8 17. Qc2 h6 18. Rfe1 Rxe1+ 19. Rxe1 Re8 20. Rxe8+ Qxe8 21. Kf1 Ne5 22.
Bf5 Bxf5 23. Qxf5 Ned7 24. f3 Qc8 25. g4 Qc4+ 26. Kf2 a5 27. Bd6 a4 28. Nd2 Bxd4+ 29. cxd4 Qxd4+ 30. Ke2 Qxb2 31. Be7 Qe5+ 32. Qxe5 Nxe5 33.
Bxf6 gxf6 34. h3 Kf8 35. Nb1 d4 36. Na3 Ke7 37. Nb5 d3+ 38. Ke3 Kd7 39. f4 Ng6 40.
Nd4 Kd6 41. Nb5+ Kc5 42. Nc3 b5 43. f5 Ne5 44. Ne4+ Kc4 45. Nxf6 Kc3 46. Ne4+ Kc2 47. Nd2 Nc4+ 48. Nxc4 bxc4 0-1

[Event "Early-Titled-Tuesday-Blitz-March-12-2024"]
[Site "Chess.com"]
[Date "2024.03.12"]
[Round "3"]
[White "luckyswitchback"]
[Black "FaustinoOro"]
[Result "0-1"]
[WhiteElo "2673"]
[BlackElo "2909"]
[TimeControl "180+1"]
[EndTime "8:28:23 PDT"]
[Termination "FaustinoOro won by resignation"]

1. e4 e5 2. Nf3 Nc6 3. Bb5 a6 4. Ba4 Nf6 5. O-O b5 6. Bb3 Bc5 7. d3 O-O 8. a4 Rb8 9. Bg5 h6 10.
Bxf6 Qxf6 11. axb5 axb5 12. Nc3 d6 13. Nd5 Qd8 14.
h3 Kh8 15. c3 f5 16. exf5 Bxf5 17. d4 exd4 18. Nxd4 Nxd4 19. cxd4 Bb6 20. Nxb6 Rxb6 21. Qh5 c5 22. dxc5 dxc5 23. Rad1 Qf6 24. Rd2 c4 25.
Bd1 b4 26. Bg4 Bg6 27. Qc5 c3 28. bxc3 bxc3 29. Rdd1 Rc6 30. Qe3 c2 31. Rc1 Rd8 32. Rfe1 Kh7 33. Bf3 Rc3 34. Qe2 Rb8 35. Be4 Rbc8 36.
Qg4 Bxe4 37. Qxe4+ Kh8 38. Re2 R3c4 39. Rcxc2 Qa1+ 40.
Kh2 Qa4 41. Rxc4 Qxc4 42. Qe5 Qf7 43. Qf4 Qxf4+ 44. g3 Qf3 0-1

[Event "Early-Titled-Tuesday-Blitz-March-12-2024"]
[Site "Chess.com"]
[Date "2024.03.12"]
[Round "3"]
[White "Aisen1011"]
[Black "HATilay"]
[Result "0-1"]
[WhiteElo "2476"]
[BlackElo "2707"]
[TimeControl "180+1"]
[EndTime "8:28:23 PDT"]
[Termination "HATilay won by resignation"]

1. d4 Nf6 2. c4 e6 3. Nf3 d5 4. g3 Be7 5. Bg2 O-O 6. O-O dxc4 7. Ne5 Nc6 8. Nxc6 bxc6 9. Na3 Bxa3 10. bxa3 Rb8 11. Qa4 c3 12. Qxa7 Rb6 13. Bf4 Nd5 14. Bxd5 Qxd5 15. Qxc7 Rb2 16. Rac1 c2 17. Qe7 e5 18. Qxe5 Bh3 19. Qxd5 cxd5 20. Rfe1 Rc8 21. Bd6 Rxa2 22. Bc5 Rb8 23. f3 Be6 24. e4 f5 25.
exd5 Bxd5 26. Re2 Rbb2 27. Kf2 Bb3 28. Bb4 Rb1 29. Ree1 Raa1 30. Bd2 Rxc1 31. Rxc1 Rxa3 32. Ke3 Ba2+ 33. Kf4 Bb1 34. Kxf5 Rxf3+ 35. Bf4 Kf7 36. h4 h6 37. d5 Rd3 38. d6 Rd1 39. Ke4 Ke6 40. Ke3 Rxc1 41. Ke2 Rd1 0-1

[Event "Early-Titled-Tuesday-Blitz-March-12-2024"]
[Site "Chess.com"]
[Date "2024.03.12"]
[Round "3"]
[White "lilylg"]
[Black "secrethawk1"]
[Result "1-0"]
[WhiteElo "2176"]
[BlackElo "2471"]
[TimeControl "180+1"]
[EndTime "8:28:23 PDT"]
[Termination "lilylg won on time"]

1. d4 d5 2. c4 c6 3. cxd5 cxd5 4. Bf4 Nc6 5. e3 Nf6 6. Nc3 a6 7. Bd3 e6 8. Rc1 Bd6 9. Bxd6 Qxd6 10. f4 Nd7 11.
Nf3 f6 12. O-O O-O 13. Na4 b5 14. Nc5 Nxc5 15. Rxc5 Bb7 16. Qc2 f5 17. a3 Rac8 18.
b4 Ne7 19. Rc1 h6 20. Qf2 Kh7 21. Ne5 Ng8 22. Qg3 Ne7 23. Qh4 Kg8 24. Qh5 Rxc5 25. Rxc5 Nc6 26. Ng6 Rc8 27. Qh4 Kf7 28. Qh5 Kg8 29.
g4 fxg4 30. Qxg4 Nb8 31. Qh4 Rxc5 32. bxc5 Qc7 33. f5 Bc8 34. f6 gxf6 35. Qxf6 Qg7 36. Qd8+ Kh7 37. Qxc8 Qf6 38. Qc7+ Kg8 39. Qxb8+ Kh7 40.
Nf4+ Kg7 41. Qc7+ Kg8 42. Qc8+ Kg7 43. Qd7+ Kg8 44. Qe8+ Kg7 45. Nxe6+ Qxe6 46. Qxe6 1-0

[Event "Early-Titled-Tuesday-Blitz-March-12-2024"]
[Site "Chess.com"]
[Date "2024.03.12"]
[Round "3"]
[White "Flaccidmoves"]
[Black "KnightmareJoker"]
[Result "1-0"]
[WhiteElo "2451"]
[BlackElo "2206"]
[TimeControl "180+1"]
[EndTime "8:28:24 PDT"]
[Termination "Flaccidmoves won on time"]

1. d4 d5 2. c4 e6 3. g3 Nf6 4. Bg2 Be7 5. Nf3 O-O 6. O-O dxc4 7. Qc2 a6 8. Qxc4 b5 9. Qc2 Bb7 10. Bd2 Be4 11. Qc1 c6 12. Nc3 Bxf3 13. Bxf3 Qxd4 14. Rd1 Qd7 15. Bf4 Qb7 16. a4 Nd5 17. Be5 Nd7 18. Nxd5 cxd5 19. Bd4 Rfc8 20. Qf4 Bf6 21. Bxf6 Nxf6 22.
axb5 axb5 23. h4 h6 24. Qe5 Nd7 25. Qd4 Rc4 26. Rxa8+ Qxa8 27. Qd2 Ne5 28. Bg2 Qc8 29. Qe3 Ng4 30. Qb6 Qc6 31. Qb8+ Kh7 32. Qf8 Qc7 33. Ra1 Rc1+ 34. Rxc1 Qxc1+ 35. Bf1 Qc7 36. e3 g6 37. h5 Ne5 38. hxg6+ fxg6 39. Qf6 Ng4 40. Qxe6 h5 41. Bd3 Qc1+ 42. Kg2 Qc7 43. Qxg6+ Kh8 44. Qxh5+ 1-0